 Dungeon Crawl Stone Soup version 0.23-a0-391-g8c51ad5 (webtiles) character file.

2 Cryolive the Digger (level 1, -4/10 HPs)
             Began as a Gargoyle Earth Elementalist on Oct 30, 2018.
             Slain by a scorpion (7 damage)
             ... on level 2 of the Dungeon.
             The game lasted 00:00:34 (130 turns).

Cryolive the Digger (Gargoyle Earth Elementalist)    Turns: 130, Time: 00:00:34

Health: -4/10      AC:  4    Str: 11    XL:     1   Next: 30%
Magic:  2/3        EV: 12    Int: 15    God:
Gold:   27         SH:  0    Dex: 10    Spells: 3/4 levels left

rFire    . . .     SeeInvis .   a - -1 dagger (curse)
rCold    . . .     Gourm    .   (no shield)
rNeg     + . .     Faith    .   c - +0 robe
rPois    ∞         Spirit   .   (no helmet)
rElec    +         Reflect  .   (no cloak)
rCorr    .         Harm     .   (no gloves)
MR       .....                  (no boots)
Stlth    ++........             (no amulet)
HPRegen  0.03/turn              (no ring)
MPRegen  0.08/turn              (no ring)

@: no status effects
A: negative energy resistance 1, electricity resistance, unbreathing,
petrification resistance, rot immunity, AC +2
a: no special abilities


You were on level 2 of the Dungeon.
You were not hungry.

You visited 1 branch of the dungeon, and saw 2 of its levels.

You collected 27 gold pieces.

Inventory:

Hand Weapons
 a - a cursed -1 dagger (weapon)
 g - a cursed +0 long sword
Missiles
 b - 29 stones (quivered)
Armour
 c - a +0 robe (worn)
Scrolls
 e - a scroll of enchant weapon {unknown}
Potions
 f - a potion of haste {unknown}
Comestibles
 d - 5 rations


   Skills:
 - Level 1.5 Dodging
 - Level 2.1 Stealth
 + Level 2.0 Spellcasting
   Level 0.7 Transmutations
 + Level 3.7 Earth Magic


You had 3 spell levels left.
You knew the following spells:

 Your Spells              Type           Power        Failure   Level  Hunger
a - Sandblast             Erth           ##....       4%          1    #......

Your spell library contained the following spells:

 Spells                   Type           Power        Failure   Level  Hunger
 Passwall                 Tmut/Erth      #.......     13%         2    ###....
 Stone Arrow              Conj/Erth      #.....       30%         3    ###....
 Petrify                  Tmut/Erth      #.......     65%         4    #####..
 Lee's Rapid Deconstruct  Erth           ##........   78%         5    ######.


Dungeon Overview and Level Annotations

Branches:
Dungeon (1/15)

Altars:


Innate Abilities, Weirdness & Mutations

You are resistant to torment.
Your stone body is resilient. (AC +2)
You are immune to poison.
You resist negative energy. (rN+)
You are resistant to electric shocks. (rElec)
You can survive without breathing.
You are immune to petrification.
You are immune to rotting.


Message History

You are too injured to fight recklessly!
You are too injured to fight recklessly!
You are too injured to fight recklessly!
You are too injured to fight recklessly!
You are too injured to fight recklessly!
You are too injured to fight recklessly!
You are too injured to fight recklessly!
You are too injured to fight recklessly!
The bat barely misses you. The scorpion barely misses you.
Casting: Sandblast (safe; 4% risk of failure)
Confirm with . or Enter, or press ? or * to list all spells.
Aiming: Sandblast (safe; 4% risk of failure)
Press: ? - help, Shift-Dir - straight line, f - scorpion
Aim: a scorpion (lightly wounded)
The blast of sand hits the scorpion.
The scorpion is lightly wounded.
b - 29 stones The bat closely misses you.
The scorpion stings you!
Ouch! That really hurt!
You die...

#.......... #.#....#
....####.#####.#.#.#..##
...... .. ..>.#.#.....#
###.### ###...#.#....##
#.# #...#.#.##.# #.#
#...#.####.## #.#
#...#.......# ..
#..b#.......#
#....@#.##.##
#.$.#s#....#
.........#.####
######.#.#.# ..###.# ...
..# #.## ### ..


You could see a scorpion and a bat.

Vanquished Creatures
  A jackal (D:2)
  A frilled lizard (D:2)
2 creatures vanquished.

Notes
Turn   | Place    | Note
-------+----------+-------------------------------------------
     0 | D:1      | Cryolive the Gargoyle Earth Elementalist began the quest
                  | for the Orb.
     0 | D:1      | Reached XP level 1. HP: 10/10 MP: 3/3
     7 | D:1      | You fall through a shaft!
   106 | D:2      | Noticed a scorpion
   130 | D:2      | Slain by a scorpion

Vault maps used:
D:1:      lemuel_arrival_muddy, dk_noncrumbling_3
D:2:      chequers_temple_overflow_minitemple, palyth_stone_intersect,
          nicolae_qazlal_style_of_elements, uniq_terence

Action                   || total
-------------------------++-------
Melee: Dagger            ||    23
 Cast: Sandblast         ||     1
Armor: Robe              ||     9
Dodge: Dodged            ||    27

Table legend:
 A = Non-vault XP
 B = Vault XP
 C = Vault XP percentage of total XP
 D = Non-vault monster count
 E = Vault monster count
 F = Vault count percentage of total count
                 A         B        C        D         E       F
            +---------+---------+-------+---------+---------+-------
      Total |       3 |       0 |   0.0 |       2 |       0 |   0.0
            +---------+---------+-------+---------+---------+-------
        D:2 |       3 |       0 |   0.0 |       2 |       0 |   0.0
            +---------+---------+-------+---------+---------+-------
